 Dungeon Crawl Stone Soup version 0.20-a0-494-gf50ee04 (webtiles) character file.

412 nikopol the Skirmisher (level 6, -1/40 HPs)
             Began as a Gargoyle Berserker on Jan 17, 2017.
             Was a Priest of Trog.
             Slain by nikopol's ghost (4 damage)
             ... on level 4 of the Dungeon.
             The game lasted 00:08:21 (3220 turns).

nikopol the Skirmisher (Gargoyle Berserker)         Turns: 3220, Time: 00:08:22

Health: -1/40      AC: 13    Str: 20    XL:     6   Next: 90%
Magic:  6/6        EV: 11    Int:  8    God:    Trog [***...]
Gold:   133        SH:  0    Dex: 11    Spells: 5/5 levels left

rFire    . . .     SeeInvis .   a - +0 hand axe
rCold    . . .     Gourm    .   i - +0 scale mail
rNeg     + . .     Faith    .   (no shield)
rPois    ∞         Spirit   .   (no helmet)
rElec    +         Reflect  .   m - +0 cloak
rCorr    .         Harm     .   z - +0 pair of gloves
MR       .....                  (no boots)
Stlth    ..........             (no amulet)
Regen    0.2/turn               (no ring)
                                (no ring)

@: exhausted
A: negative energy resistance 1, electricity resistance, unbreathing,
petrification resistance, rot immunity, AC +4
a: Berserk, Trog's Hand, Burn Spellbooks, Renounce Religion


You were on level 4 of the Dungeon.
You worshipped Trog.
Trog was most pleased with you.
You were very hungry.

You visited 1 branch of the dungeon, and saw 4 of its levels.

You collected 133 gold pieces.

Inventory:

Hand Weapons
 a - a +0 hand axe (weapon)
Missiles
 u - 65 arrows (quivered)
Armour
 i - a +0 scale mail (worn)
 m - a +0 cloak (worn)
 z - a +0 pair of gloves (worn)
Jewellery
 e - an uncursed amulet of harm {unknown}
 l - an uncursed amulet of guardian spirit {unknown}
Wands
 f - a wand of random effects (30/48)
Scrolls
 d - a scroll of fog {unknown}
 n - a scroll of amnesia {unknown}
 o - 2 scrolls of enchant armour {unknown}
 q - 6 scrolls of remove curse
 r - a scroll of random uselessness {unknown}
 t - 2 scrolls of enchant weapon {unknown}
 w - a scroll of blinking {unknown}
 y - a scroll of identify {unknown}
 A - a scroll of immolation {unknown}
Potions
 b - a potion of degeneration {unknown}
 g - 3 potions of flight {unknown}
 j - 2 potions of agility {unknown}
 k - a potion of lignification {unknown}
 p - 2 potions of heal wounds {unknown}
 s - a potion of magic {unknown}
Comestibles
 c - a bread ration
 h - a beef jerky
 v - a slice of pizza
 x - a meat ration
 B - 3 chunks of flesh


   Skills:
 + Level 5.0 Fighting
 + Level 4.1 Axes
 + Level 4.1 Armour
 + Level 3.1 Dodging


You had 5 spell levels left.
You didn't know any spells.

Dungeon Overview and Level Annotations

Branches:
Dungeon (4/15)
 Temple: D:4-7

Altars:
Qazlal
Sif Muna
Trog
Uskayaw

Annotations:
D:4 nikopol's ghost, amateur GrBe


Innate Abilities, Weirdness & Mutations

You are resistant to torment.
Your stone body is resilient. (AC +4)
You are immune to poison.
You resist negative energy. (rN+)
You are resistant to electric shocks. (rElec)
You can survive without breathing.
You are immune to petrification.
You are immune to rotting.


Message History

Nikopol's ghost hits you.
* * * LOW HITPOINT WARNING * * *
You barely miss nikopol's ghost.
Nikopol's ghost is heavily damaged.
You feel yourself speed up. Nikopol's ghost barely misses you.
Nikopol's ghost hits you but does no damage.
You hit nikopol's ghost but do no damage.
Nikopol's ghost is heavily damaged.
Nikopol's ghost barely misses you.
You completely miss nikopol's ghost.
Nikopol's ghost is heavily damaged.
Nikopol's ghost hits you but does no damage.
You barely miss nikopol's ghost.
Nikopol's ghost is heavily damaged.
Nikopol's ghost barely misses you.
You hit nikopol's ghost but do no damage.
Nikopol's ghost is heavily damaged.
Nikopol's ghost hits you.
You die...

#.#............
#.##..........#
#.##..........# ##
#.##..........# ...
#.##......))..# ....
#.##.......)..# ....!
#.........#####
......####.......#.#
......W@.........#.##
##
......############..#
.. ?.... ##.# .# ....
###########.##.# ...
#............#.# ##
#............#.#
#..(...........#
#..........)#.##
#...........)...


You could see nikopol's ghost.

Vanquished Creatures
  A crimson imp (D:3)
  An orc priest (D:4)
  A centaur skeleton (D:4)
  Natasha (thrice) (D:3)
  A worker ant (D:4)
  7 gnolls
  6 adders
  2 worms
  4 leopard geckos
  7 orcs
  4 ball pythons
  9 bats
  2 giant cockroaches
  11 goblins
  3 hobgoblins
  7 jackals
  A quokka (D:3)
  3 frilled lizards
  9 kobolds
  11 rats
93 creatures vanquished.

Notes
Turn   | Place    | Note
-------+----------+-------------------------------------------
     0 | D:1      | nikopol the Gargoyle Berserker began the quest for the Orb.
     0 | D:1      | Reached XP level 1. HP: 14/14 MP: 1/1
   146 | D:1      | Reached XP level 2. HP: 19/19 MP: 2/2
   381 | D:1      | Reached XP level 3. HP: 22/24 MP: 3/3
   565 | D:1      | Reached ** piety under Trog
  1205 | D:2      | Reached skill level 4 in Fighting
  1274 | D:2      | Reached XP level 4. HP: 15/29 MP: 4/4
  1798 | D:2      | Found a hide-covered altar of Uskayaw.
  1827 | D:2      | Found a bloodstained altar of Trog.
  1959 | D:2      | Reached XP level 5. HP: 31/33 MP: 5/5
  2061 | D:2      | Found a stormy altar of Qazlal.
  2082 | D:2      | Found a deep blue altar of Sif Muna.
  2122 | D:3      | Noticed Natasha
  2149 | D:3      | Killed Natasha
  2322 | D:3      | Reached *** piety under Trog
  2494 | D:3      | Noticed Natasha
  2512 | D:3      | Killed Natasha
  2651 | D:3      | Noticed Natasha
  2661 | D:3      | Killed Natasha
  2661 | D:3      | Reached XP level 6. HP: 36/39 MP: 6/6
  3087 | D:4      | Reached skill level 5 in Fighting
  3173 | D:4      | Noticed nikopol's ghost (amateur GrBe)
  3220 | D:4      | Slain by nikopol's ghost

Vault maps used:
D:1:      dpeg_arrival_court, corner_web_ring, minmay_tall_x
D:2:      led_sif_pool, nicolae_qazlal_eye_of_the_storm,
          grunt_temple_overflow_open
D:3:      uniq_natasha

Skill      XL: |  1  2  3  4  5  6 |
---------------+-------------------+-----
Dodging        | 2 3 |  3.1
Fighting       | 4 5 |  5.0
Armour         | 3 4 |  4.1
Axes           | 3 4 |  4.1

Action                   |  1- 3 |  4- 6 || total
-------------------------+-------+-------++-------
Melee: Hand axe          |   133 |   315 ||   448
Invok: Berserk           |     1 |     2 ||     3
  Use: Scroll            |     1 |     1 ||     2
 Stab: Sleeping          |     1 |       ||     1
  Eat: Chunk             |     1 |     9 ||    10
Armor: Animal skin       |    13 |       ||    13
       Scale mail        |    66 |   224 ||   290
Dodge: Dodged            |   108 |   219 ||   327
